[Event "*** Titled Tuesday Blitz"]
[Site "Chess.com"]
[Date "2020.11.10"]
[Round "5"]
[White "martynkovaelena"]
[Black "midedu"]
[Result "1-0"]
[WhiteElo "2256"]
[BlackElo "2068"]
[TimeControl "180+1"]
[EndTime "10:56:43 PST"]
[Termination "martynkovaelena won by resignation"]

1. d4 Nf6 2. c4 g6 3. Nf3 Bg7 4. g3 d6 5. Bg2 O-O 6. O-O Nc6 7.
Nc3 Bg4 8. h3 Bd7 9. d5 Na5 10.
Nd2 c5 11. Qc2 a6 12. b3 b5 13. Bb2 Rb8 14. Rab1 Qc8 15. Kh2 h5 16. e4 Nh7 17.
f4 Rb7 18. Nd1 Qc7 19. Bxg7 Kxg7 20. f5 Nf6 21. Ne3 bxc4 22. bxc4 Rfb8 23. fxg6 fxg6 24. Rxb7 Rxb7 25. e5 dxe5 26. d6 exd6 27. Bxb7 Qxb7 28. Qd3 Qc6 29. Nd5 Nxd5 30. cxd5 Qc7 31. Qf3 Bf5 32. g4 Bc2 33. Qf8+ 1-0

[Event "*** Titled Tuesday Blitz"]
[Site "Chess.com"]
[Date "2020.11.10"]
[Round "5"]
[White "Loy_Konstantin"]
[Black "Xtrmntr78"]
[Result "0-1"]
[WhiteElo "2388"]
[BlackElo "2562"]
[TimeControl "180+1"]
[EndTime "10:56:44 PST"]
[Termination "Xtrmntr78 won by resignation"]

1. e4 e5 2. Nf3 d5 3. exd5 Bd6 4. Nc3 f5 5. Bb5+ Bd7 6. Bxd7+ Nxd7 7. d3 Ngf6 8. Bg5 h6 9. Bxf6 Qxf6 10. Qe2 a6 11. O-O g5 12. Rfe1 O-O-O 13. Nd2 g4 14. Nc4 h5 15. Nxd6+ cxd6 16. Qe3 Kb8 17. Ne2 f4 18. Qd2 h4 19. Nc3 g3 20. fxg3 hxg3 21. Ne4 Qf7 22.
Nxd6 Qxd5 23. Ne4 Rxh2 24. Kf1 f3 25. Nxg3 fxg2+ 26. Kg1 Rh1+ 27. Nxh1 gxh1=Q+ 0-1

[Event "*** Titled Tuesday Blitz"]
[Site "Chess.com"]
[Date "2020.11.10"]
[Round "5"]
[White "TheKingDoctor"]
[Black "stepanosinovsky"]
[Result "0-1"]
[WhiteElo "2126"]
[BlackElo "2353"]
[TimeControl "180+1"]
[EndTime "10:56:46 PST"]
[Termination "stepanosinovsky won by resignation"]

1. e4 e5 2. Nf3 Nc6 3. d3 Nf6 4.
g3 h5 5. Bg2 Bc5 6. h4 Ng4 7.
O-O d6 8. Nbd2 a6 9. c3 Ba7 10. Nc4 Be6 11. Ne3 f6 12. a4 Ne7 13.
b4 c6 14. Bd2 g5 15. hxg5 Ng6 16. d4 fxg5 17. Nxg4 hxg4 18. Nxg5 Bc4 19. Qe1 Qf6 0-1

[Event "*** Titled Tuesday Blitz"]
[Site "Chess.com"]
[Date "2020.11.10"]
[Round "5"]
[White "emperor87"]
[Black "nochewycandy"]
[Result "1-0"]
[WhiteElo "2721"]
[BlackElo "2537"]
[TimeControl "180+1"]
[EndTime "10:56:49 PST"]
[Termination "emperor87 won by resignation"]

1. Nf3 g6 2. d4 Bg7 3. h4 Nf6 4. Nc3 d5 5. Ne5 Nbd7 6. Bf4 c6 7. e3 Qa5 8. Qd2 Nh5 9. Bh2 Nxe5 10. dxe5 Be6 11. Be2 O-O-O 12. g4 Bh6 13. gxh5 d4 14. Ne4 Qb6 15. Ng5 dxe3 16. Qxe3 Qxb2 17. O-O Bxg5 18.
hxg5 h6 19. Rfb1 Qxc2 20. Qxa7 Kd7 21. Rxb7+ Ke8 22. Rxe7+ Kf8 23. Qa3 c5 24. Rxe6 fxe6 25. Qf3+ Ke8 26. Bb5+ Rd7 27. Rd1 Rh7 28. Qa8+ 1-0

[Event "*** Titled Tuesday Blitz"]
[Site "Chess.com"]
[Date "2020.11.10"]
[Round "5"]
[White "Gabrielian_Artur"]
[Black "nakajo"]
[Result "1-0"]
[WhiteElo "2778"]
[BlackElo "2451"]
[TimeControl "180+1"]
[EndTime "10:56:49 PST"]
[Termination "Gabrielian_Artur won by resignation"]

1. e4 e5 2. Nc3 Nf6 3. g3 d5 4. exd5 Nxd5 5. Bg2 Nxc3 6. bxc3 Bd6 7. Nf3 O-O 8. O-O Nc6 9. Rb1 f5 10. d3 h6 11. Re1 Kh8 12. c4 Bd7 13. Rxb7 Be8 14. Bb2 Bh5 15. Qa1 Qf6 16. c5 Bxf3 17. Bxf3 Bxc5 18.
Rxc7 Nd4 19. Bxa8 Bb6 20. Bxd4 Bxd4 21. c3 f4 22. cxd4 fxg3 23. fxg3 1-0

[Event "*** Titled Tuesday Blitz"]
[Site "Chess.com"]
[Date "2020.11.10"]
[Round "5"]
[White "vovachesss"]
[Black "gui_borba"]
[Result "1-0"]
[WhiteElo "2667"]
[BlackElo "2436"]
[TimeControl "180+1"]
[EndTime "10:56:53 PST"]
[Termination "vovachesss won by resignation"]

1. e4 c6 2. d4 d5 3. exd5 cxd5 4.
Bd3 Nf6 5. h3 Nc6 6. c3 g6 7. Qc2 Bg7 8. Nf3 O-O 9. O-O Qc7 10. Re1 Bd7 11. Bg5 Rfc8 12. Re2 e6 13. Qd2 Rab8 14. a4 a6 15. Na3 Na5 16. Bf4 Qc6 17. Bxb8 Rxb8 18. Ne5 Qxa4 19. Nc2 Qb3 20. Rxa5 Qxb2 21. Nxd7 Nxd7 22. Nb4 Qb3 23. Re1 Nb6 24. Rb1 Nc4 25. Qc1 1-0

[Event "*** Titled Tuesday Blitz"]
[Site "Chess.com"]
[Date "2020.11.10"]
[Round "5"]
[White "elisak43"]
[Black "Vanina1989"]
[Result "0-1"]
[WhiteElo "2512"]
[BlackElo "2649"]
[TimeControl "180+1"]
[EndTime "10:57:00 PST"]
[Termination "Vanina1989 won on time"]

1. e4 c6 2. d4 d5 3. exd5 cxd5 4. Bd3 Nc6 5. c3 Nf6 6. Bg5 Bg4 7. Ne2 e6 8. f3 Bh5 9. Nf4 Bg6 10. Nxg6 hxg6 11. Nd2 Bd6 12. Qb3 Qc7 13. O-O-O Nxd4 14. Qa4+ Nc6 15. c4 dxc4 16. Nxc4 Bf4+ 17. Bxf4 Qxf4+ 18. Kb1 O-O 19. Qb3 Rab8 20. h4 b5 21. Nd2 Nd4 22. Qb4 Nd5 23. Qa5 Ne3 24. Rc1 Nxg2 25. h5 gxh5 26.
Rxh5 g6 27. Rhc5 Rfd8 28. Ne4 Nxf3 29. Qc3 e5 30. Rc6 Nge1 31. Nf6+ Kg7 32. Ne4 Rxd3 33. Rxg6+ Kxg6 34. Qc6+ Kg7 0-1

[Event "*** Titled Tuesday Blitz"]
[Site "Chess.com"]
[Date "2020.11.10"]
[Round "5"]
[White "lacafi"]
[Black "ARTHURMOTIVATOR"]
[Result "0-1"]
[WhiteElo "2123"]
[BlackElo "2349"]
[TimeControl "180+1"]
[EndTime "10:57:00 PST"]
[Termination "ARTHURMOTIVATOR won by checkmate"]

1. d4 Nf6 2. Nf3 g6 3. c4 Bg7 4. Nc3 O-O 5. e4 d6 6. Be2 Nbd7 7. O-O e5 8. dxe5 dxe5 9. Qc2 c6 10. Rd1 Qe7 11. Rb1 Nh5 12. b4 Nf4 13. Bf1 f5 14. exf5 gxf5 15. Bxf4 exf4 16. Re1 Qf6 17. Ne2 Ne5 18.
Nxf4 Nxf3+ 19. gxf3 Qg5+ 20. Ng2 f4 21. Kh1 Kh8 22.
Rbd1 Bh3 23. Qe4 Bc3 24. Re2 Rg8 25. Nxf4 Qg1# 0-1

[Event "*** Titled Tuesday Blitz"]
[Site "Chess.com"]
[Date "2020.11.10"]
[Round "5"]
[White "kingofthenil"]
[Black "eCztery"]
[Result "1-0"]
[WhiteElo "2679"]
[BlackElo "2302"]
[TimeControl "180+1"]
[EndTime "10:57:05 PST"]
[Termination "kingofthenil won on time"]

1. e4 c5 2. d3 Nc6 3. g3 g6 4.
Bg2 Bg7 5. f4 d6 6. Nf3 e5 7.
Nc3 Nd4 8. O-O Ne7 9. f5 gxf5 10. Nh4 f4 11. gxf4 Rg8 12. f5 f6 13. Qh5+ Kd7 14. Qxh7 Qf8 15. Qh5 Nxc2 16. Rb1 Kc7 17.
Bd2 Nd4 18. Rbc1 a6 19. b4 Rh8 20. Qg4 Bh6 21. Bxh6 Qxh6 22. Nf3 Nxf3+ 23. Qxf3 Qxh2+ 24.
Kf2 Qh4+ 25. Kg1 Bd7 26. bxc5 Qh2+ 27. Kf2 Qh4+ 28. Ke2 dxc5 29. Nd5+ Nxd5 30. Rxc5+ Kb6 31. Rxd5 1-0

[Event "*** Titled Tuesday Blitz"]
[Site "Chess.com"]
[Date "2020.11.10"]
[Round "5"]
[White "alejanchess73"]
[Black "nicoderboss24"]
[Result "0-1"]
[WhiteElo "2458"]
[BlackElo "2243"]
[TimeControl "180+1"]
[EndTime "10:57:05 PST"]
[Termination "nicoderboss24 won on time"]

1. d4 d5 2. c4 e6 3. Nc3 c5 4.
cxd5 exd5 5. Nf3 Nc6 6. g3 c4 7. Bg2 Bb4 8. O-O Nge7 9. a3 Ba5 10. Bg5 f6 11. Bf4 O-O 12. Rc1 Bg4 13. h3 Bh5 14.
g4 Bg6 15. Bg3 Rc8 16. Nh4 Bf7 17. e3 a6 18. f4 b5 19. Kh2 Bc7 20. Qf3 b4 21.
axb4 Nxb4 22. Ra1 Re8 23. Ra4 a5 24. Nb5 Rb8 25. Nxc7 Qxc7 26. f5 Qc6 27. Rxa5 Ra8 28. Rfa1 Rxa5 29. Rxa5 Nd3 30. Qe2 Qb6 31. Ra2 Nc6 32.
Nf3 Nc1 0-1

[Event "*** Titled Tuesday Blitz"]
[Site "Chess.com"]
[Date "2020.11.10"]
[Round "5"]
[White "geordie_derraugh"]
[Black "Radzio1987"]
[Result "1-0"]
[WhiteElo "2470"]
[BlackElo "2768"]
[TimeControl "180+1"]
[EndTime "10:57:06 PST"]
[Termination "geordie_derraugh won by resignation"]

1. e4 c6 2. c4 d5 3. exd5 cxd5 4. cxd5 Nf6 5. Nf3 Nxd5 6. Nc3 Nxc3 7. bxc3 g6 8. d4 Bg7 9. Bd3 Nc6 10. O-O O-O 11. Re1 Bg4 12. Bg5 Qd7 13. h3 Bxf3 14. Qxf3 e6 15.
Rab1 Rac8 16. Be4 b6 17. Bf6 Bxf6 18. Qxf6 Na5 19. Re3 Qd8 20. Qf4 Nc4 21. Rg3 Nd6 22. Bc2 Qe7 23. h4 Rfe8 24. h5 e5 25. Qh6 e4 26.
hxg6 hxg6 27. Rh3 Qf6 28. Bb3 Nf5 29. Qf4 Kg7 30. g4 Nd6 31. Rh7+ 1-0

[Event "*** Titled Tuesday Blitz"]
[Site "Chess.com"]
[Date "2020.11.10"]
[Round "5"]
[White "Harsha_Bharathakoti"]
[Black "denispopov"]
[Result "0-1"]
[WhiteElo "2791"]
[BlackElo "1843"]
[TimeControl "180+1"]
[EndTime "10:57:08 PST"]
[Termination "denispopov won by resignation"]

1. Nf3 Nf6 2. c4 g6 3. Nc3 d5 4. cxd5 Nxd5 5. e4 Nxc3 6. dxc3 Qxd1+ 7. Kxd1 Bg7 8. h4 Nd7 9. h5 O-O 10. Bc4 Ne5 11. Nxe5 Bxe5 12. Ke2 Bd7 13. Be3 Bc6 14.
f3 b6 15. hxg6 hxg6 16. Rh6 e6 17. Rah1 Rfd8 18. Bg5 Rd7 19. Rh7 Bg7 20. Rxg7+ Kxg7 21. e5 f6 22. exf6+ Kf7 23. Rh7+ Kg8 24. Bxe6+ Kxh7 0-1

[Event "*** Titled Tuesday Blitz"]
[Site "Chess.com"]
[Date "2020.11.10"]
[Round "5"]
[White "ajedrezhoy"]
[Black "Kavyev_Ruslan"]
[Result "0-1"]
[WhiteElo "2224"]
[BlackElo "2400"]
[TimeControl "180+1"]
[EndTime "10:57:09 PST"]
[Termination "Kavyev_Ruslan won on time"]

1. Nf3 Nf6 2. b3 g6 3. Bb2 Bg7 4. g3 O-O 5. Bg2 b6 6. O-O Bb7 7.
c4 c5 8. Nc3 Nc6 9. d4 Nxd4 10.
Nxd4 Bxg2 11. Kxg2 cxd4 12. Qxd4 e6 13. Qd3 Qe7 14. a4 Rfd8 15. e4 Qb4 16. Ba3 Qa5 17. Nb5 d5 18. cxd5 exd5 19. e5 Ne4 20. f4 Rac8 21. Be7 Rd7 22. b4 Qa6 23. Bh4 Rc3 24. Qd4 Rc4 25. Qb2 d4 26. Rac1 Rxc1 27. Rxc1 Qb7 28.
Kg1 d3 29. Nd4 d2 30. Rd1 Qd5 31. Nf3 Qd3 32. Rf1 Qxf1+ 0-1

[Event "*** Titled Tuesday Blitz"]
[Site "Chess.com"]
[Date "2020.11.10"]
[Round "5"]
[White "Mambastik-Fantastic"]
[Black "kinga2008"]
[Result "1-0"]
[WhiteElo "2281"]
[BlackElo "2121"]
[TimeControl "180+1"]
[EndTime "10:57:10 PST"]
[Termination "Mambastik-Fantastic won by checkmate"]

1. e4 c5 2. Nf3 Nc6 3. d4 cxd4 4.
Nxd4 e5 5. Nb5 a6 6. Nd6+ Bxd6 7. Qxd6 Qf6 8. Qd2 Nge7 9. c4 d6 10. Nc3 Be6 11. b3 O-O 12. Ba3 Rad8 13. O-O-O Nd4 14. Kb1 b5 15. cxb5 axb5 16. Nxb5 Nxb5 17. Bxb5 d5 18. Qb4 Ng6 19. exd5 Rd7 20. dxe6 Rxd1+ 21. Rxd1 fxe6 22.
f3 Qf5+ 23. Bd3 Qg5 24. Qd6 Rd8 25. Qxe6+ Kh8 26. Bc2 Rxd1+ 27. Bxd1 h6 28. Bc2 Nf4 29. Qe8# 1-0

[Event "*** Titled Tuesday Blitz"]
[Site "Chess.com"]
[Date "2020.11.10"]
[Round "5"]
[White "guillembaches"]
[Black "mr65"]
[Result "1-0"]
[WhiteElo "2384"]
[BlackElo "2205"]
[TimeControl "180+1"]
[EndTime "10:57:15 PST"]
[Termination "guillembaches won by resignation"]

1. e4 c5 2. Nf3 d6 3. d4 cxd4 4. Nxd4 Nf6 5. Nc3 g6 6. g3 Bg7 7.
Bg2 O-O 8. O-O Nc6 9. Nde2 Bd7 10. a4 b6 11. Nd5 Nxd5 12. exd5 Ne5 13. h3 Rc8 14. Ra2 Qc7 15. b3 a6 16. Nd4 b5 17. axb5 axb5 18. f4 Ng4 19. hxg4 Qc3 20. Ne2 Qc5+ 21. Kh2 Bxg4 22. Bf3 h5 23. Qd3 e6 24.
Be3 Qc7 25. Bxg4 hxg4 26. dxe6 fxe6 27. Qxg6 e5 28. Ra7 Qxa7 29. Bxa7 Rf6 30. Qd3 Rh6+ 31. Kg2 1-0

[Event "*** Titled Tuesday Blitz"]
[Site "Chess.com"]
[Date "2020.11.10"]
[Round "5"]
[White "RobertoJBM"]
[Black "TurboSteen"]
[Result "1-0"]
[WhiteElo "2778"]
[BlackElo "2042"]
[TimeControl "180+1"]
[EndTime "10:57:19 PST"]
[Termination "RobertoJBM won on time"]

1. d4 Nf6 2. c4 g6 3. Nc3 d5 4. Nf3 Bg7 5. Qb3 dxc4 6. Qxc4 O-O 7. e4 Nc6 8. Be2 e5 9. d5 Nd4 10. O-O c6 11. dxc6 Nxc6 12. Rd1 Qe7 13. Be3 Be6 14. Qc5 Qxc5 15. Bxc5 Rfd8 16. Bb5 Nd4 17. Ng5 Bd7 18. Bc4 1-0

[Event "*** Titled Tuesday Blitz"]
[Site "Chess.com"]
[Date "2020.11.10"]
[Round "5"]
[White "shnitez"]
[Black "Agnes66678"]
[Result "1-0"]
[WhiteElo "2526"]
[BlackElo "2344"]
[TimeControl "180+1"]
[EndTime "10:57:24 PST"]
[Termination "shnitez won by resignation"]

1. e4 e5 2. Nf3 Nf6 3. Nxe5 Nxe4 4. Qe2 Qe7 5. Qxe4 d6 6. d4 dxe5 7. dxe5 Nc6 8. Bf4 g5 9. Bg3 f5 10. Qd5 Be6 11. Qb5 f4 12. Qxb7 Qb4+ 13. Qxb4 Bxb4+ 14. c3 Be7 15. Bb5 Bd5 16. f3 a6 17. Bxc6+ Bxc6 18. Bf2 O-O-O 19. Nd2 Rhe8 20. O-O-O Bf8 21. Rhe1 Bg7 22.
Bd4 Bd5 23. Nb3 Bxb3 24. axb3 Re6 25. Re4 Rde8 26. Rde1 Kd7 27. Kc2 Kc6 28. Kd3 Kd5 29. c4+ Kc6 30. b4 Bf8 31. Bc3 Rd8+ 32. Kc2 Rb8 33.
Ra1 Kb7 34. Re2 Rbe8 35. Kd3 Bg7 36. Ra5 Rd8+ 37. Ke4 h6 38. b5 axb5 39. Rxb5+ Kc6 40. Rd2 Ra8 41. Rdd5 Ra1 42. Rbc5+ Kb7 43. Rd7 Bf8 44. Rcxc7+ Kb6 45. Bd4+ 1-0

[Event "*** Titled Tuesday Blitz"]
[Site "Chess.com"]
[Date "2020.11.10"]
[Round "5"]
[White "Sven_Tica"]
[Black "anpospan"]
[Result "1-0"]
[WhiteElo "2699"]
[BlackElo "2433"]
[TimeControl "180+1"]
[EndTime "10:57:28 PST"]
[Termination "Sven_Tica won on time"]

1. d4 Nf6 2. c4 c5 3. d5 e6 4. Nc3 exd5 5. cxd5 d6 6. g3 g6 7. Bg2 Bg7 8. Nf3 O-O 9. O-O a6 10. a4 Nbd7 11. Bf4 Qe7 12. Re1 h6 13. e4 g5 14. Be3 Re8 15. h3 g4 16. hxg4 Nxg4 17. Bf4 Nde5 18. Nh4 c4 19. Nf5 Bxf5 20. exf5 Qf6 21. Ne4 Qxf5 22. Nxd6 Qh5 23. Nxe8 Qh2+ 24. Kf1 Rxe8 25. Qxg4 Nxg4 26. Rxe8+ Bf8 27. Bd6 f5 28. Rxf8+ Kg7 29. Rxf5 h5 30. Re1 Kg6 31. Rf4 b5 32. Re6+ Kg7 33. Bc5 1-0

[Event "*** Titled Tuesday Blitz"]
[Site "Chess.com"]
[Date "2020.11.10"]
[Round "5"]
[White "Sibelephant"]
[Black "Witik"]
[Result "1-0"]
[WhiteElo "3081"]
[BlackElo "2665"]
[TimeControl "180+1"]
[EndTime "10:57:29 PST"]
[Termination "Sibelephant won on time"]

1. Nf3 d5 2. d3 Nf6 3. Nbd2 Bg4 4.
h3 Bh5 5. g4 Bg6 6. Nh4 e6 7. Bg2 Bc5 8. e3 Nbd7 9. Qe2 Qe7 10. a3 e5 11. g5 Nh5 12. Nxg6 hxg6 13. h4 c6 14. c4 d4 15. b4 Bb6 16. Ne4 c5 17.
Rb1 O-O 18. Bf3 Rfd8 19. Bxh5 gxh5 20. Qxh5 cxb4 21. axb4 dxe3 22. fxe3 a5 23. g6 fxg6 24. Qxg6 axb4 25. h5 Ra6 26. h6 Bxe3 27. Qxg7+ Qxg7 28. hxg7 Bxc1 29. Rh8+ Kxg7 30. Rxd8 1-0

[Event "*** Titled Tuesday Blitz"]
[Site "Chess.com"]
[Date "2020.11.10"]
[Round "5"]
[White "ChronicUnhappiness"]
[Black "Crazy_girl99"]
[Result "1-0"]
[WhiteElo "2333"]
[BlackElo "2504"]
[TimeControl "180+1"]
[EndTime "10:57:29 PST"]
[Termination "ChronicUnhappiness won by resignation"]

1. c4 Nf6 2. Nc3 e6 3. d4 d5 4. cxd5 exd5 5. Bg5 c6 6. e3 Be7 7. Qc2 Nbd7 8. Bd3 O-O 9. Nf3 Re8 10. O-O Nf8 11.
h3 Ne4 12. Bf4 f5 13. Ne5 Ng6 14. Nxg6 hxg6 15. f3 Nxc3 16. bxc3 Bd6 17. Bxd6 Qxd6 18. e4 fxe4 19. fxe4 dxe4 20. Bxe4 Rxe4 21. Qxe4 Bf5 22. Qe5 Qxe5 23. dxe5 Re8 24. Rfe1 Kf7 25. a4 Ke6 26. Rad1 Bc2 27. Rd6+ Ke7 28. a5 Rf8 29. Re2 Ba4 30.
Rxg6 Kf7 31. Rf2+ Kg8 32. Rxf8+ Kxf8 33. Rd6 Ke7 34. Kf2 b6 35. axb6 axb6 36. h4 Bb5 37. g4 1-0

[Event "*** Titled Tuesday Blitz"]
[Site "Chess.com"]
[Date "2020.11.10"]
[Round "5"]
[White "IwkooO"]
[Black "Slovak_fighter2000"]
[Result "1-0"]
[WhiteElo "2621"]
[BlackElo "2459"]
[TimeControl "180+1"]
[EndTime "10:57:30 PST"]
[Termination "IwkooO won by resignation"]

1. e4 e6 2. d4 d5 3. Nd2 a6 4. Ngf3 c5 5. exd5 exd5 6. dxc5 Bxc5 7. Bd3 Nf6 8. O-O O-O 9. Nb3 Bb6 10. Re1 Nc6 11.
Be3 Bg4 12. h3 Bh5 13. c3 Bc7 14. Bc2 Re8 15. g4 Bg6 16. Nbd4 Qd6 17. Nf5 Bxf5 18. Bxf5 Ne4 19. Qd3 Rad8 20. Rad1 Ne5 21. Nxe5 Qxe5 22. f4 Qe7 23. Kg2 g6 24. Bxe4 Qxe4+ 25. Qxe4 dxe4 26.
Kf2 f5 27. gxf5 gxf5 28. Rg1+ Kf7 29. Rxd8 Rxd8 30. Rg5 Ke6 31. Rh5 Rd7 32. Rh6+ Kd5 33. b3 Bd6 34. c4+ Kc6 35. c5 Kd5 36. cxd6 Rxd6 37. Rxh7 b5 38. Re7 1-0

[Event "*** Titled Tuesday Blitz"]
[Site "Chess.com"]
[Date "2020.11.10"]
[Round "5"]
[White "Ariadna_Atreides"]
[Black "GM_LOADING"]
[Result "0-1"]
[WhiteElo "2111"]
[BlackElo "2468"]
[TimeControl "180+1"]
[EndTime "10:57:31 PST"]
[Termination "GM_LOADING won by resignation"]

1. d4 Nf6 2. Nf3 e6 3. e3 c5 4.
Bd3 Nc6 5. O-O d5 6. b3 b6 7. Bb2 Bb7 8. Ne5 Bd6 9. Nd2 O-O 10. Nxc6 Bxc6 11. dxc5 Bxc5 12. c4 d4 13. exd4 Bxd4 14.
Bxd4 Qxd4 15. Nf3 Qf4 16. Nd4 Bb7 17. g3 Qh6 18. Qc2 Rad8 19. Nb5 Ng4 20. h4 Rxd3 21. Qxd3 Ne5 22. Qe3 Nf3+ 23. Kh1 Nxh4+ 24. Kg1 Nf3+ 0-1

[Event "*** Titled Tuesday Blitz"]
[Site "Chess.com"]
[Date "2020.11.10"]
[Round "5"]
[White "SanchezKelvin"]
[Black "ftorodent"]
[Result "0-1"]
[WhiteElo "2439"]
[BlackElo "2689"]
[TimeControl "180+1"]
[EndTime "10:57:33 PST"]
[Termination "ftorodent won by resignation"]

1. d4 f5 2. Nf3 Nf6 3. c4 g6 4. g3 Bg7 5. Bg2 O-O 6. O-O d6 7. Nc3 Qe8 8. b3 e5 9. dxe5 dxe5 10. Ba3 Rf7 11. e4 Nc6 12. Re1 fxe4 13. Ng5 Bg4 14. Qb1 Rd7 15. Ngxe4 Nd4 16. Nxf6+ Bxf6 17. Qe4 Bf5 18.
Qxb7 Rb8 19. Ne4 Bg7 20. Qa6 Nc2 21. Bb2 Nxa1 22. Bxa1 Qe6 23. Qxa7 Rbd8 24. Nc5 Rd1 25. Nxe6 Rxe1+ 26. Bf1 Bh3 0-1

[Event "*** Titled Tuesday Blitz"]
[Site "Chess.com"]
[Date "2020.11.10"]
[Round "5"]
[White "Shtembuliak"]
[Black "LawrenceTrent"]
[Result "1-0"]
[WhiteElo "2874"]
[BlackElo "2549"]
[TimeControl "180+1"]
[EndTime "10:57:35 PST"]
[Termination "Shtembuliak won by resignation"]

1. c4 f5 2. d4 Nf6 3. Nf3 e6 4. g3 Bb4+ 5. Nbd2 O-O 6. Bg2 d6 7. O-O Qe8 8. Nb3 d5 9. c5 Nc6 10. a3 Ba5 11. Ne5 b6 12. Bf4 Ba6 13. Rc1 Nxe5 14. Bxe5 c6 15. Nxa5 bxa5 16. Bc7 a4 17.
Qxa4 Bxe2 18. Rfe1 Bb5 19. Qc2 Rf7 20. Bf4 a5 21. b3 a4 22. b4 h6 23. Bf1 Bxf1 24.
Rxf1 g5 25. Be5 Ng4 26. Rfe1 Rf8 27. Bd6 Qh5 28. f3 Nf6 29. Bxf8 Rxf8 30. Rxe6 Qxf3 31. Rf1 Qxa3 32. Qxf5 1-0

[Event "*** Titled Tuesday Blitz"]
[Site "Chess.com"]
[Date "2020.11.10"]
[Round "5"]
[White "Evachess2006"]
[Black "Sacbutt"]
[Result "0-1"]
[WhiteElo "1629"]
[BlackElo "2298"]
[TimeControl "180+1"]
[EndTime "10:57:35 PST"]
[Termination "Sacbutt won on time"]

1. e4 c5 2. c3 d5 3. exd5 Qxd5 4. d4 Nc6 5. Nf3 Bg4 6. Be2 e6 7. Bf4 Nf6 8. h3 Bh5 9. O-O Be7 10. dxc5 Qxc5 11. Nbd2 Rd8 12. Be3 Qa5 13. Nd4 Nxd4 14.
Bxd4 Bxe2 15. Qxe2 O-O 16. Nc4 Qc7 17. Bxa7 b5 18.
Bb6 Qxc4 19. Qxc4 bxc4 20. Bxd8 Rxd8 21. Rad1 Nd5 22. Rd2 Ra8 23. a3 Kf8 24. Re1 Bg5 25. Rc2 Rb8 26. g3 h5 27. f4 Bf6 28. Rd2 g6 29.
Kf2 Be7 30. Kf3 Bc5 31. g4 hxg4+ 32. hxg4 Kg7 33. Ree2 Rb7 34. Ke4 Nf6+ 35. Kf3 Nd5 36. g5 Ne7 37. Kg4 Nf5 38. Re5 Be3 0-1

[Event "*** Titled Tuesday Blitz"]
[Site "Chess.com"]
[Date "2020.11.10"]
[Round "5"]
[White "AvitalBor"]
[Black "Unknown_IM"]
[Result "1-0"]
[WhiteElo "2691"]
[BlackElo "2374"]
[TimeControl "180+1"]
[EndTime "10:57:36 PST"]
[Termination "AvitalBor won by checkmate"]

1. e4 e5 2. Nf3 Nc6 3. Bb5 f5 4. d3 d6 5. Nc3 Nf6 6. h3 Bd7 7. exf5 Be7 8. d4 exd4 9. Nxd4 Nxd4 10. Qxd4 O-O 11. Bd3 c5 12. Qf4 Bc6 13. O-O d5 14.
Re1 Bd6 15. Qh4 d4 16. Nb5 Bb8 17. Bf4 Bxf4 18. Qxf4 Bxb5 19. Bxb5 a6 20. Bc4+ Kh8 21. a4 Qb6 22. b3 Rae8 23. Re6 Rxe6 24. fxe6 h6 25. a5 Qb4 26. Qe5 Qd2 27. e7 Ra8 28.
Bd3 Qg5 29. Re1 Qxe5 30. Rxe5 Kg8 31. Bg6 Rc8 32. e8=R+ Nxe8 33. Rxe8+ Rxe8 34. Bxe8 Kf8 35. Bd7 Ke7 36. Bc8 Kd6 37. Bxb7 d3 38. cxd3 Ke5 39.
Bxa6 Kd6 40. Bc4 Kc7 41. f4 g6 42. g4 g5 43. f5 Kd6 44. a6 Ke5 45. Kf2 Kf4 46. a7 Ke5 47. Ke3 h5 48. a8=Q h4 49. Qd5+ Kf6 50. Qf7+ Ke5 51. Qe7# 1-0

[Event "*** Titled Tuesday Blitz"]
[Site "Chess.com"]
[Date "2020.11.10"]
[Round "5"]
[White "Mikasinski"]
[Black "GMTalks_Youtube"]
[Result "0-1"]
[WhiteElo "2490"]
[BlackElo "2632"]
[TimeControl "180+1"]
[EndTime "10:57:36 PST"]
[Termination "GMTalks_Youtube won on time"]

1. e4 e5 2. Nf3 Nc6 3. Nc3 Nf6 4.
Bb5 Bb4 5. O-O O-O 6. d3 Bxc3 7. bxc3 d6 8. Re1 Ne7 9. d4 c6 10. dxe5 dxe5 11. Ba3 Qxd1 12. Raxd1 Re8 13. Bc4 Ng6 14. Ng5 Nh8 15. f4 Bg4 16. Rd2 exf4 17. e5 h6 18. Nf3 Nd5 19. Bxd5 cxd5 20. Rxd5 Ng6 21. Red1 Nxe5 22. Nxe5 Bxd1 23. Kf2 Bxc2 24. Bc5 Be4 0-1

[Event "*** Titled Tuesday Blitz"]
[Site "Chess.com"]
[Date "2020.11.10"]
[Round "5"]
[White "ErikBlomqvist"]
[Black "Matols"]
[Result "1-0"]
[WhiteElo "2475"]
[BlackElo "2257"]
[TimeControl "180+1"]
[EndTime "10:57:37 PST"]
[Termination "ErikBlomqvist won by checkmate"]

1. e4 e6 2. d4 d5 3. e5 c5 4. c3 Qb6 5. Nf3 Nc6 6. a3 Nh6 7. Bd3 cxd4 8. b4 dxc3 9. Nxc3 Bd7 10. O-O Rc8 11. Ra2 Be7 12. Rc2 O-O 13. Bxh6 gxh6 14. Qd2 Kg7 15. Qf4 f5 16. exf6+ Bxf6 17. Qg4+ Kh8 18.
Nxd5 exd5 19. Qxd7 Rc7 20. Qxd5 Rg7 21. b5 Nd4 22. Nxd4 Bxd4 23. g3 Rgf7 24. Kg2 Bxf2 25. Rc8 Qe3 26. Qxf7 Rxc8 27. Qxh7# 1-0

[Event "*** Titled Tuesday Blitz"]
[Site "Chess.com"]
[Date "2020.11.10"]
[Round "5"]
[White "hungrycaterpillar4"]
[Black "rasmussvane"]
[Result "0-1"]
[WhiteElo "2627"]
[BlackElo "2884"]
[TimeControl "180+1"]
[EndTime "10:57:38 PST"]
[Termination "rasmussvane won by resignation"]

1. e4 c6 2. b3 d5 3. Bb2 dxe4 4. Nc3 Nf6 5. Nge2 e5 6. Ng3 Qd4 7. Qe2 Bg4 8. f3 exf3 9. gxf3 Be6 10. O-O-O Nbd7 11. Bg2 O-O-O 12. Rhf1 Be7 13. f4 exf4 14. Nd5 Ba3 15. c3 Bxb2+ 16. Kxb2 Qe5 17. Nxf4 Bg4 18.
Qxe5 Nxe5 19. Rde1 Rxd2+ 20. Kc1 Rxg2 21. Rxe5 Rxa2 22.
Re7 Rf8 23. h3 Bd7 24. Ngh5 Nxh5 25. Nxh5 Ra1+ 0-1

[Event "*** Titled Tuesday Blitz"]
[Site "Chess.com"]
[Date "2020.11.10"]
[Round "5"]
[White "tlomigtlis"]
[Black "BogdanDeac"]
[Result "0-1"]
[WhiteElo "2598"]
[BlackElo "2803"]
[TimeControl "180+1"]
[EndTime "10:57:38 PST"]
[Termination "BogdanDeac won by checkmate"]

1. d4 Nf6 2. c4 e6 3. Nc3 Bb4 4. Qc2 d6 5. Nf3 Nbd7 6. Bg5 h6 7. Bh4 b6 8. e3 c5 9. Rd1 Bb7 10. Be2 g5 11. Bg3 Ne4 12. a3 Bxc3+ 13. bxc3 f5 14. dxc5 Ndxc5 15. Nd4 Nxg3 16. hxg3 Bxg2 17. Bh5+ Kd7 18.
Rg1 Be4 19. Qb2 g4 20. Nb5 Nd3+ 21. Rxd3 Bxd3 22. Qd2 a6 23. Qxd3 axb5 24. cxb5 Rxa3 25. Kf1 Qf6 26. Kg2 Qxc3 27. Qe2 Rc8 28. Rd1 Qc2 29. Qe1 Ra2 30. Rd4 e5 31. Rd5 Qe4+ 32. Kh2 Qxd5 33.
Qb4 Rxf2+ 34. Kg1 Qg2# 0-1

[Event "*** Titled Tuesday Blitz"]
[Site "Chess.com"]
[Date "2020.11.10"]
[Round "5"]
[White "atalz0"]
[Black "HanSchut"]
[Result "1-0"]
[WhiteElo "2402"]
[BlackElo "2211"]
[TimeControl "180+1"]
[EndTime "10:57:39 PST"]
[Termination "atalz0 won by resignation"]

1. d4 Nf6 2. c4 g6 3. f3 Nc6 4.
d5 Ne5 5. e4 d6 6. Nc3 Bg7 7. f4 Ned7 8. Nh3 Nc5 9. Nf2 e6 10. Be2 O-O 11. O-O Re8 12. Bf3 h5 13. Be3 exd5 14. cxd5 Ng4 15. Bxc5 dxc5 16. Nxg4 hxg4 17.
Bxg4 Bxg4 18. Qxg4 Bxc3 19. bxc3 Rxe4 20. Rad1 Qf6 21.
Qg3 Rae8 22. f5 g5 23. Qxc7 Qxc3 24. d6 Qe3+ 25. Kh1 Rd4 26. d7 Re7 27. d8=Q+ Rxd8 28. Qxd8+ Kh7 1-0